AoeStats
← BiLDuKas

Arena

510617913Analyzed
1v1 RM · 1d ago on Oct 1, 2026· 31m 29s· 2 players
Game mode
Random Map
Map size
Tiny (2 player)
Population
200
Speed
Normal
Resources
Standard
Victory
Conquest
Starting age
Dark Age
Ending age
Imperial Age
RankedLock teamsTeams togetherTeam positionsShared explorationLock speedFull tech treeHidden civsTurbo modeCheats
Victory
Defeat
🇱🇹 Japanese · Lithuania
534
+18
🇫🇷 Slavs · France
573
-34
BiLDuKas
2:05 Loom
3:11 Loom
4:05 Loom
11:56 Feudal Age
13:37 Double-Bit Axe
17:44 Castle Age
20:30 Pikeman
21:13 Squires
edouard.deloignon
15:07 Feudal Age
16:48 Wheelbarrow
15:46 Man-at-Arms
19:03 Scale Mail Armor
19:09 Scale Barding Armor
19:04 Padded Archer Armor
18:55 Fletching
19:15 Forging
19:11 Horse Collar
19:23 Double-Bit Axe
23:51 Castle Age
22:33 Gold Mining
27:59 Hand Cart
28:16 Long Swordsman
28:17 Pikeman
29:14 Crossbowman
31:08 Stone Mining
Connection lost

Rejoining the realm…

Still unreachable

The connection could not be restored.

Session expired

The server has moved on; the page needs a fresh start.